 Dungeon Crawl Stone Soup version 0.29-a0-322-g68df515428 (webtiles) character file.

Game seed: 7248442494098116293

21044 zishaf the Pandemonic (level 12, -6/106 HPs)
             Began as a Deep Dwarf Necromancer on Apr 6, 2022.
             Was a High Priest of Makhleb.
             Mangled by a large slime creature (29 damage)
             ... on level 12 of the Dungeon.
             The game lasted 00:42:17 (13465 turns).

zishaf the Pandemonic (Deep Dwarf Necromancer)     Turns: 13465, Time: 00:42:18

Health: -6/106     AC: 20    Str: 14    XL:     12   Next: 50%
Magic:  24/24      EV: 16    Int: 19    God:    Makhleb [*****.]
Gold:   1869       SH: 13    Dex: 15    Spells: 2/19 levels left

rFire   . . .      SeeInvis .   m - +0 broad axe (freeze)
rCold   . . .      Faith    .   y - +1 kite shield {AC+3}
rNeg    . . .      Spirit   .   Q - +2 steam dragon scales
rPois   .          Reflect  .   T - +2 hat
rElec   .          Harm     .   (no cloak)
rCorr   .          Rampage  .   W - +0 pair of gloves
Will    +....                   u - +0 pair of boots
Stlth   ++........              k - amulet of magic regeneration
HPRegen 0.00/turn               i - +4 ring of protection
MPRegen 0.59/turn               l - +4 ring of evasion

@: no status effects
A: damage resistance, heal wounds, sense surroundings 2, no regeneration,
iridescent scales 1, agile 1
a: Heal Wounds, Renounce Religion, Minor Destruction, Lesser Servant of Makhleb,
Major Destruction, Greater Servant of Makhleb


You were on level 12 of the Dungeon.
You worshipped Makhleb.
Makhleb was extremely pleased with you.
You visited 2 branches of the dungeon, and saw 14 of its levels.
You also visited: Sewer, Ossuary and Ice Cave.

You collected 2076 gold pieces.
You spent 207 gold pieces at shops.

Inventory:

Hand Weapons
 a - a +3 spear of venom
 b - a +4 hunting sling of freezing
 m - a +0 broad axe of freezing (weapon)
 w - the +8 whip "Tatucs" {vamp, Will+ Str+6}
   (You found it in an ice cave)

   It occasionally heals its wielder for a portion of the damage dealt when it
   wounds a living foe.
   Str:       It affects your strength (+6).
   Will:      It increases your willpower.
Armour
 u - a +0 pair of boots (worn)
 y - a +1 kite shield of protection (worn)
 z - a +3 plate armour of poison resistance
 Q - +2 steam dragon scales (worn)
 T - a +2 hat (worn)
 W - a +0 pair of gloves (worn)
Jewellery
 e - a +6 ring of strength
 i - a +4 ring of protection (left hand)
 j - a +6 ring of dexterity
 k - an amulet of magic regeneration (around neck)
 l - a +4 ring of evasion (right hand)
 p - a ring of see invisible
 G - a ring of poison resistance
 V - an amulet of faith
Wands
 n - a wand of paralysis (2)
 t - a wand of iceblast (4)
 D - a wand of digging (5)
 F - a wand of mindburst (14)
 H - a wand of charming (25)
 N - a wand of flame (8)
 P - a wand of polymorph (10)
Scrolls
 c - 6 scrolls of teleportation
 f - 2 scrolls of fear
 g - a scroll of blinking
 v - a scroll of immolation
 A - a scroll of vulnerability
 L - a scroll of enchant armour
Potions
 d - a potion of ambrosia
 h - 10 potions of curing
 o - 4 potions of mutation
 r - 2 potions of haste
 s - 2 potions of attraction
 x - 3 potions of might
 B - 3 potions of flight
 C - a potion of invisibility
 E - 2 potions of resistance
 I - 2 potions of lignification
 J - a potion of berserk rage
 K - a potion of cancellation {unknown}
 R - a potion of heal wounds
 U - a potion of brilliance {unknown}
 X - 6 potions of magic
Miscellaneous
 q - a box of beasts


   Skills:
 + Level 6.6 Fighting
 + Level 1.4 Axes
 - Level 3.0 Dodging
 - Level 3.0 Stealth
 + Level 11.1 Shields
 - Level 4.0 Spellcasting
 - Level 11.0 Necromancy
 + Level 1.0 Transmutations
 + Level 1.6 Earth Magic
 + Level 16.7 Invocations


You had 2 spell levels left.
You knew the following spells:

 Your Spells              Type           Power      Damage    Failure   Level
a - Statue Form           Tmut/Erth      6%         N/A       100%        6
b - Vampiric Draining     Necr           45%        2d9       1%          3
c - Animate Dead          Necr           22%        N/A       3%          4
d - Dispel Undead         Necr           45%        3d17      3%          4

Your spell library contained the following spells:

 Spells                   Type           Power      Damage    Failure   Level
 Animate Skeleton         Necr           90%        N/A       1%          1
 Pain                     Necr           100%       1d9       1%          1
 Corpse Rot               Necr/Air       48%        N/A       4%          2
 Sting                    Tmut/Pois      20%        1d4       24%         1
 Magic Dart               Conj           12%        1d3       28%         1
 Summon Small Mammal      Summ           12%        N/A       28%         1
 Poisonous Vapours        Pois/Air       6%         N/A       41%         2
 Searing Ray              Conj           6%         2d4       41%         2
 Agony                    Necr           45%        N/A       9%          5
 Death Channel            Necr           22%        N/A       43%         6
 Call Canine Familiar     Summ           3%         N/A       65%         3
 Summon Guardian Golem    Hex/Summ       3%         N/A       65%         3
 Petrify                  Tmut/Erth      9%         N/A       86%         4
 Fulminant Prism          Conj/Hex       1%         3d6       96%         4
 Olgreb's Toxic Radiance  Pois           3%         N/A       96%         4
 Summon Ice Beast         Ice/Summ       3%         N/A       96%         4
 Metabolic Englaciation   Hex/Ice        1%         N/A       100%        5
 Summon Mana Viper        Hex/Summ       3%         N/A       100%        5
 Monstrous Menagerie      Summ           1%         N/A       100%        7


Dungeon Overview and Level Annotations

Branches:
Dungeon (13/15)            Temple (1/1) D:4            Lair (0/6) D:10
    Orc (0/2) D:12          Sewer (visited)         Ossuary (visited)
  IceCv (visited)
 Vaults: D:13-14

Altars:
Ashenzari
Cheibriados
Dithmenos
Elyvilon
Fedhas
Gozag
Hepliaklqana
Kikubaaqudgha
Makhleb
Nemelex Xobeh
Okawaru
Ru
Sif Muna
Trog
Uskayaw
Vehumet
Xom
Yredelemnul
The Shining One

Shops:
D:3 [   D:12 [[*

Annotations:
D:8 3 runed translucent doors, SirDiesAlot's ghost, novice MiFi


Innate Abilities, Weirdness & Mutations

You are resistant to damage.
You can heal yourself by infusing magical energy.
You passively map the area around you.
You do not regenerate.
You are partially covered in iridescent scales. (AC +2)
You are agile. (Dex +2)


Message History

You hit the large slime creature. You freeze the large slime creature.
You block the large slime creature's attack.
The slime creature closely misses you.
You slash the slime creature! You freeze the slime creature.
The slime creature is severely wounded.
You hit the large slime creature. You freeze the large slime creature.
The large slime creature hits you but does no damage.
The slime creature completely misses you.
The large slime creature hits you!!
The slime creature hits you but does no damage.
You barely miss the slime creature.
The slime creature is severely wounded.
You slash the large slime creature! You freeze the large slime creature.
You block the large slime creature's attack.
The slime creature hits you.
The large slime creature hits you but does no damage.
You block the slime creature's attack.
You barely miss the slime creature.
The slime creature is severely wounded.
You slash the large slime creature! You freeze the large slime creature.
The large slime creature hits you. The slime creature hits you.
You barely miss the slime creature.
The slime creature is heavily wounded.
You barely miss the large slime creature.
You block the large slime creature's attack.
The slime creature misses you.
You block the large slime creature's attack.
The slime creature completely misses you.
You barely miss the slime creature.
The slime creature is heavily wounded.
You barely miss the large slime creature.
The large slime creature hits you but does no damage.
You block the slime creature's attack. The large slime creature hits you!!
* * * LOW HITPOINT WARNING * * *
The slime creature hits you but does no damage.
You slash the slime creature! You freeze the slime creature.
The slime creature is severely wounded.
You hit the large slime creature but do no damage.
The large slime creature hits you!!
You die...

#..########.......#§≈≈.#
#..# #.......###### #..#
#.......###### #..#
#............# #..##
#............. #...#
############## #..## ♣
#..# ♣♣♣♣ ♣♣ #..# ♣@J♣♣
♣♣. #..# ♣♣J÷♣♣♣♣ ♣..
#..# ♣♣♣...♣♣♣♣ ♣♣. #..#
♣♣♣♣.[.♣♣ ♣♣.♣ #.##
♣♣♣♣.♣♣♣♣.♣♣ #.#
♣...♣♣..♣ #.# ♣♣♣...[♣♣
#.## ♣♣♣♣♣ ♣♣.♣♣♣ #..#
♣♣...♣♣ ♣♣♣.♣


You could see a large slime creature and a slime creature.

Vanquished Creatures
  Gastronok (D:8)
  A hydra (D:12)
  2 centaur warriors
  2 two-headed ogres
  Sonja (D:10)
  A deep elf pyromancer (D:12)
  2 ugly things
  A cyclops (D:9)
  An elephant (D:10)
  Joseph (D:7)
  Maggie (D:7)
  A gargoyle (D:12)
  A kobold demonologist (D:9)
  An unseen horror (D:11)
  2 komodo dragons
  3 yaktaurs (D:11)
  2 rime drakes (D:12)
  7 trolls
  A hornet (D:7)
  A slime creature (D:12)
  4 spriggans (D:12)
  A wraith (D:10)
  Eustachio (D:6)
  2 yaks (D:10)
  A basilisk (D:10)
  2 wyverns
  A vampire mosquito (D:12)
  A steam dragon (D:5)
  A harpy simulacrum (IceCv)
  A water moccasin (D:8)
  6 orc warriors
  2 black bears
  2 sky beasts
  9 centaurs
  Blork the orc (D:6)
  6 kobold brigands
  4 bullfrogs
  A gnoll sergeant (D:5)
  3 scorpions
  2 wights (D:7)
  A jelly (D:7)
  2 elephant simulacra (IceCv)
  4 killer bees (D:10)
  6 howler monkeys
  An electric eel (D:7)
  A gnoll shaman (D:4)
  6 orc priests
  A hound (D:5)
  3 iguanas
  11 orc wizards
  Natasha (thrice) (D:3)
  14 mummies (Ossuary)
  12 gnolls
  10 adders
  9 river rats (Sewer)
  An ufetubus (D:5)
  4 worms
  A dart slug (D:1)
  31 orcs
  6 bats
  6 endoplasms
  A giant cockroach (D:4)
  9 goblins
  7 hobgoblins
  5 quokkas
  12 ball pythons
  A frilled lizard (D:3)
  2 gnoll skeletons (Ossuary)
  A goblin skeleton (Ossuary)
  21 kobolds
  2 kobold skeletons (Ossuary)
  3 orc skeletons (Ossuary)
  20 rats
  11 rat skeletons (Ossuary)
312 creatures vanquished.

Vanquished Creatures (collateral kills)
  Josephine (D:10)
  An ugly thing (IceCv)
  2 ice statues (IceCv)
  2 wraiths (D:10)
  A yak (D:12)
  A kobold brigand (D:9)
  2 bullfrogs (D:8)
  6 wights
  3 howler monkeys (D:8)
  2 orc wizards
  A white imp (D:8)
  3 orcs
25 creatures vanquished.

Vanquished Creatures (others)
  A yaktaur (D:11)
  A white imp (D:7)
  A fungus (D:8)
  12 plants
15 creatures vanquished.

Grand Total: 352 creatures vanquished

Notes
Turn   | Place    | Note
-------+----------+-------------------------------------------
     0 | D:1      | zishaf the Deep Dwarf Necromancer began the quest for the
                  | Orb.
     0 | D:1      | Reached XP level 1. HP: 15/15 MP: 3/3
   275 | D:1      | Reached XP level 2. HP: 22/24 MP: 1/4
   668 | D:1      | Found a faded altar of an unknown god.
  1172 | D:2      | You fall into a shaft and drop 1 floor!
  1200 | D:2      | Reached skill level 1 in Fighting
  1200 | D:2      | Reached XP level 3. HP: 28/31 MP: 2/6
  1211 | D:2      | Learned a level 3 spell: Vampiric Draining
  1574 | D:3      | Found Ebloed's Armour Shop.
  1579 | D:3      | Bought a +0 helmet for 58 gold pieces
  2225 | D:3      | Noticed Natasha
  2237 | D:3      | Killed Natasha
  2238 | D:3      | Reached skill level 5 in Necromancy
  2238 | D:3      | Reached XP level 4. HP: 26/39 MP: 1/7
  2292 | D:3      | Noticed Natasha
  2298 | D:3      | Killed Natasha
  2430 | D:3      | Noticed Natasha
  2438 | D:3      | Killed Natasha
  2439 | D:3      | Reached XP level 5. HP: 31/46 MP: 3/8
  3295 | D:4      | Reached XP level 6. HP: 51/56 MP: 9/9
  3316 | D:4      | Found a staircase to the Ecumenical Temple.
  3324 | Temple   | Entered the Ecumenical Temple
  3330 | Temple   | Became a worshipper of Makhleb the Destroyer
  3339 | D:4      | Reached skill level 1 in Invocations
  3671 | D:3      | Found Ebloed's Armour Shop.
  4109 | D:3      | Bought a +0 kite shield of protection for 149 gold pieces
  4180 | D:5      | Entered Level 5 of the Dungeon
  4188 | D:5      | Reached skill level 2 in Invocations
  4213 | D:5      | Reached skill level 1 in Shields
  4213 | D:5      | Reached skill level 3 in Invocations
  4213 | D:5      | Reached XP level 7. HP: 40/62 MP: 11/11
  4255 | D:5      | Noticed a steam dragon
  4467 | D:5      | Found a sacrificial altar of Ru.
  4662 | D:5      | Killed a steam dragon
  4663 | D:5      | Reached skill level 4 in Invocations
  4740 | D:5      | Reached skill level 5 in Invocations
  5164 | D:6      | Found a glowing drain.
  5171 | D:6      | Reached * piety under Makhleb
  5181 | Sewer    | Entered a sewer
  5265 | Sewer    | Reached XP level 8. HP: 62/69 MP: 12/12
  5275 | Sewer    | Reached skill level 6 in Invocations
  5489 | Sewer    | Reached ** piety under Makhleb
  5582 | Sewer    | Reached skill level 7 in Invocations
  5589 | Sewer    | Identified the +6 whip of Unreason {vorpal, Int+4 Stlth+}
  5597 | Sewer    | Gained mutation: Your movements are slightly less
                  | encumbered by armour. (ER -2) [potion of mutation]
  5597 | Sewer    | Gained mutation: You tend to lose your temper in combat.
                  | [potion of mutation]
  5597 | Sewer    | Gained mutation: You are agile. (Dex +2) [potion of
                  | mutation]
  5598 | Sewer    | Lost mutation: You tend to lose your temper in combat.
                  | [potion of mutation]
  5598 | Sewer    | Lost mutation: Your movements are slightly less encumbered
                  | by armour. (ER -2) [potion of mutation]
  5598 | Sewer    | Gained mutation: You are partially covered in iridescent
                  | scales. (AC +2) [potion of mutation]
  6012 | D:6      | Noticed Eustachio
  6029 | D:6      | Killed Eustachio
  6030 | D:6      | Reached skill level 8 in Invocations
  6037 | D:6      | Learned a level 4 spell: Animate Dead
  6062 | D:6      | Noticed Blork the orc
  6073 | D:6      | Killed Blork the orc
  6181 | D:6      | Found a radiant altar of Vehumet.
  6181 | D:6      | Found a basalt altar of Yredelemnul.
  6324 | D:7      | Found an iron altar of Okawaru.
  6401 | D:7      | Found a sand-covered staircase.
  6422 | Ossuary  | Entered an ossuary
  6474 | Ossuary  | Reached skill level 9 in Invocations
  6474 | Ossuary  | Gained mutation: You passively map the area around you.
                  | [Deep Dwarf growth]
  6474 | Ossuary  | Reached XP level 9. HP: 60/76 MP: 15/15
  6533 | Ossuary  | Reached skill level 5 in Shields
  6610 | Ossuary  | Reached *** piety under Makhleb
  6879 | D:7      | Noticed Joseph
  6898 | D:7      | Killed Joseph
  7003 | D:7      | Reached skill level 10 in Invocations
  7188 | D:7      | Paralysed by a hornet for 2 turns
  7330 | D:7      | Noticed Maggie
  7354 | D:7      | Killed Maggie
  7355 | D:7      | Reached skill level 11 in Invocations
  7935 | D:8      | Noticed a centaur warrior
  7944 | D:8      | Killed a centaur warrior
  7945 | D:8      | Reached XP level 10. HP: 52/84 MP: 2/18
  8011 | D:8      | Reached skill level 12 in Invocations
  8198 | D:8      | Found a runed translucent gate.
  8198 | D:8      | Found a runed translucent gate.
  8198 | D:8      | Found a runed translucent gate.
  8200 | D:8      | Noticed SirDiesAlot's ghost (novice MiFi)
  8244 | D:8      | Noticed Gastronok
  8262 | D:8      | Killed Gastronok
  8263 | D:8      | Reached skill level 10 in Necromancy
  8263 | D:8      | Reached skill level 13 in Invocations
  8573 | D:8      | Noticed a +0 dagger
  8574 | D:8      | Noticed a +0 short sword
  8575 | D:8      | Noticed a +0 falchion
  8575 | D:8      | Noticed a +0 spear
  8576 | D:8      | Noticed a +0 falchion
  8577 | D:8      | Noticed a +0 short sword
  8577 | D:8      | Noticed a +0 spear
  8578 | D:8      | Noticed a +0 dagger
  8589 | D:8      | Found a hide-covered altar of Uskayaw.
  8879 | D:9      | Found an ancient bone altar of Kikubaaqudgha.
  9046 | D:9      | Noticed a rust devil
  9055 | D:9      | Noticed a sun demon
  9248 | D:9      | Reached **** piety under Makhleb
  9522 | D:9      | Noticed a cyclops
  9542 | D:9      | Reached skill level 14 in Invocations
  9544 | D:9      | Killed a cyclops
  9824 | D:10     | Entered Level 10 of the Dungeon
  9844 | D:10     | Reached XP level 11. HP: 60/90 MP: 21/21
  9860 | D:10     | Found a staircase to the Lair.
 10228 | D:10     | Noticed Sonja
 10234 | D:10     | Killed Sonja
 10410 | D:10     | Noticed Josephine
 10431 | D:10     | Killed Josephine
 10432 | D:10     | Reached skill level 15 in Invocations
 10983 | D:11     | Noticed a two-headed ogre
 10994 | D:11     | Killed a two-headed ogre
 11875 | D:12     | Found a frozen archway.
 11893 | D:12     | Reached skill level 5 in Fighting
 11893 | D:12     | Reached skill level 10 in Shields
 11897 | IceCv    | Entered an ice cave
 11897 | IceCv    | Noticed a white ugly thing
 11913 | IceCv    | Killed a white ugly thing
 11953 | IceCv    | Found a transporter.
 11957 | IceCv    | Noticed a white ugly thing
 11961 | IceCv    | Found a transporter.
 12030 | IceCv    | Killed a white ugly thing
 12038 | IceCv    | Reached skill level 16 in Invocations
 12038 | IceCv    | Reached XP level 12. HP: 52/103 MP: 22/24
 12056 | IceCv    | Identified the +8 whip "Tatucs" {vamp, Will+ Str+6}
 12151 | D:12     | Noticed a two-headed ogre
 12158 | D:12     | Killed a two-headed ogre
 12264 | D:12     | Noticed a seven-headed hydra
 12281 | D:12     | Killed a seven-headed hydra
 12281 | D:12     | Reached ***** piety under Makhleb
 12452 | D:12     | Found a staircase to the Orcish Mines.
 12493 | D:12     | Learned a level 4 spell: Dispel Undead
 12506 | D:12     | Identified 2 scrolls of acquirement
 12506 | D:12     | Acquired 430 gold pieces
 12508 | D:12     | Acquired 876 gold pieces
 12668 | D:12     | Found Sidelau's Antique Armour Shop.
 12846 | D:12     | Learned a level 6 spell: Statue Form
 12853 | D:12     | Found Kotos's Armour Emporium.
 12906 | D:12     | Found Benuuneo's General Store.
 13037 | D:12     | Reached skill level 1 in Axes
 13037 | D:12     | Reached skill level 1 in Earth Magic
 13333 | D:13     | Noticed a death knight
 13437 | D:13     | Noticed a centaur warrior
 13443 | D:13     | Killed a centaur warrior
 13444 | D:13     | Reached skill level 1 in Transmutations
 13465 | D:12     | Mangled by a large slime creature

Illustrated notes

Levels and vault maps discovered:
D:1:      dpeg_arrival_rhombi, layout_basic, serial_glass, glass_columns_c,
          glass_columns_b, shapermc_ecumenical_altar_venn,
          dreamdust_mushroom_princess, nicolae_figureground_sparkle
D:2:      layout_rooms, patterned_corridor
D:3:      layout_loops_ring, serial_shops, shop, uniq_natasha
D:4:      layout_loops_ring, minmay_temple_entry_tees, dk_noncrumbling_4,
          nrook_campfire
D:5:      layout_loops_corners, nicolae_ru_great_annihilating_truth
D:6:      layout_rooms, gammafunk_temple_overflow_elements,
          cheibrodos_sewer_entry_sluice, uniq_blork_the_orc, uniq_eustachio
D:7:      minmay_skewed_foursquare, layout_gridville, okawaru_gym_becter,
          nicolae_ossuary_entry_false_entrances, serial_bayou_lagoon_b,
          uniq_joseph, uniq_maggie
D:8:      layout_cave_pods, nicolae_uskayaw_en_pointe,
          gammafunk_ghost_nasty_kobolds, uniq_gastronok
D:9:      layout_basic, kiku_gazebo_garden_becter
D:10:     layout_roguey, david_lair_generic, st_stairs_8, uniq_sonja,
          uniq_josephine
D:11:     layout_basic
D:12:     kb_forest_paths, layout_long_grid, david_orc_4, serial_shops,
          nicolae_shop_statue_plus, shop, kennysheep_little_box,
          portal_ice_cave_rime
D:13:     cheibrodos_hippocracy, layout_loops_ring, nicolae_vehumet_radiance
Temple:   nicolae_temple_x_marks_the_god

Skill      XL: |  1  2  3  4  5  6  7  8  9 10 11 12 |
---------------+-------------------------------------+-----
Spellcasting   | 2 3 4 |  4.0
Stealth        | 3 |  3.0
Fighting       | 1 2 3 5 6 |  6.6
Dodging        | 3 |  3.0
Necromancy     | 5 6 7 8 9 10 11 | 11.0
Invocations    | 3 5 9 11 14 16 | 16.7
Shields        | 1 3 4 6 8 10 11 | 11.1
Axes           | 1 |  1.4
Earth Magic    | 1 |  1.6
Transmutations | 1 |  1.0

Action                   |  1- 3 |  4- 6 |  7- 9 | 10-12 || total
-------------------------+-------+-------+-------+-------++-------
Melee: Dagger            |     7 |    10 |       |       ||    17
       Spear             |       |    83 |   438 |   377 ||   898
       Broad axe         |       |       |       |    48 ||    48
 Fire: Hunting sling     |       |       |       |     9 ||     9
 Cast: Pain              |    77 |    17 |       |       ||    94
       Vampiric Draining |     1 |    18 |    86 |   189 ||   294
       Animate Dead      |       |       |       |     5 ||     5
Invok: Lesser Servant of |       |       |     1 |     4 ||     5
 Abil: Heal Wounds       |       |       |       |     3 ||     3
  Use: Scroll            |       |       |    11 |    19 ||    30
       Potion            |       |       |     2 |       ||     2
 Stab: Sleeping          |       |     2 |    17 |     4 ||    23
       Distracted        |       |     1 |       |     1 ||     2
Armor: Robe              |     6 |    27 |   108 |       ||   141
       Steam dragon scal |       |       |     6 |   279 ||   285
Dodge: Dodged            |    15 |    56 |   277 |   386 ||   734
Block: Kite shield       |       |     5 |   190 |   408 ||   603

Table legend: (Time is in decaauts)
 A = Elapsed time spent in this place.
 B = Non-inter-level travel time spent in this place.
 C = Inter-level travel time spent in this place.
 D = Time resting spent in this place.
 E = Time spent auto-exploring this place.
 F = Levels seen in this place.
 G = Mean time per level.
                   A        B        C        D        E       F      G
               +--------+--------+--------+--------+--------+-----+--------+
         Total |  13772 |  13117 |    655 |    584 |   8939 |  17 |  810.1 |
       Dungeon |  12439 |  11784 |    655 |    584 |   8379 |  13 |  956.8 |
        Temple |     10 |     10 |      0 |      0 |      3 |   1 |   10.0 |
         Sewer |    638 |    638 |      0 |      0 |    364 |   1 |  638.0 |
       Ossuary |    479 |    479 |      0 |      0 |    193 |   1 |  479.0 |
      Ice Cave |    205 |    205 |      0 |      0 |      0 |   1 |  205.0 |
               +--------+--------+--------+--------+--------+-----+--------+

Top non-repeatable levels by time:
     D:3: 1935 daAuts
    D:12: 1462 daAuts
    D:11: 1242 daAuts
     D:7: 1112 daAuts
     D:1: 1002 daAuts
     D:9: 972 daAuts
     D:8: 953 daAuts
     D:5: 952 daAuts
    D:10: 820 daAuts
     D:6: 726 daAuts
     D:4: 715 daAuts
   Sewer: 638 daAuts
     D:2: 524 daAuts
 Ossuary: 479 daAuts
   IceCv: 205 daAuts
